 Dungeon Crawl Stone Soup version 0.31-a0-931-g7b59d4eb97 (webtiles) character file.

Game seed: 4822500472762717796

17687 Maratek the Basher (level 12, 0/107 HPs)
             Began as a Minotaur Fighter on Oct 19, 2023.
             Was a Priest of Qazlal.
             Shot with an arrow by a deep elf archer (19 damage)
             ... on level 13 of the Dungeon.
             The game lasted 00:18:35 (12063 turns).

Maratek the Basher (Minotaur Fighter)              Turns: 12063, Time: 00:18:37

Health: 0/107      AC: 19    Str: 29    XL:     12   Next: 21%
Magic:  11/11      EV:  8    Int:  8    God:    Qazlal [***...]
Gold:   856        SH: 15    Dex:  7    Spells: 11/11 levels left

rFire   + + +        k - +6 mace of Disaster {holy, Str+2 Int+3}
rCold   . . .        r - +0 kite shield
rNeg    + . .        x - +2 plate armour {rC+}
rPois   .            (helmet restricted)
rElec   +            u - +0 cloak
rCorr   .            (no gloves)
SInv    .            v - +0 pair of boots of Slovenliness {Fly rElec rF++ rN+ Dex-2}
Will    .....        (no amulet) Stlth
                     m - ring of fire
HPRegen 0.37/turn    s - +4 ring of slaying
MPRegen 0.12/turn

%: no passive effects
@: flying, slowed, very slow
A: horns 2, retaliatory headbutt
a: Renounce Religion, Upheaval, Elemental Force


You were on level 13 of the Dungeon.
You worshipped Qazlal.
Qazlal was most pleased with you.
You visited 2 branches of the dungeon, and saw 14 of its levels.

You collected 856 gold pieces.

Inventory:

Hand Weapons
 k - the +6 mace of Disaster (weapon) {holy, Str+2 Int+3}
   (You found it on level 3 of the Dungeon)

   Str+2:     It affects your strength (+2).
   Int+3:     It affects your intelligence (+3).
Missiles
 e - a throwing net
Armour
 r - a +0 kite shield (worn)
 u - a +0 cloak (worn)
 v - the +0 pair of boots of Slovenliness (worn) {Fly rElec rF++ rN+ Dex-2}
   (You found it on level 8 of the Dungeon)

   Dex-2:     It affects your dexterity (-2).
   rF++:      It greatly protects you from fire.
   rElec:     It insulates you from electricity.
   rN+:       It protects you from negative energy.
   Fly:       It grants you flight.
 x - a +2 plate armour of cold resistance (worn)
Jewellery
 d - a ring of ice
 m - a ring of fire (left hand)
 s - a +4 ring of slaying (right hand)
Wands
 p - a wand of roots (28)
 t - a wand of paralysis (21)
 D - a wand of quicksilver (7)
 H - a wand of mindburst (7)
Scrolls
 a - 7 scrolls of teleportation
 j - a scroll of silence
 l - 4 scrolls of fog
 q - 2 scrolls of revelation
 y - 2 scrolls of torment
 B - a scroll of enchant weapon
Potions
 b - a potion of invisibility
 c - 3 potions of enlightenment
 f - a potion of degeneration
 g - 6 potions of curing
 h - 3 potions of haste
 i - 4 potions of attraction {unknown}
 n - 2 potions of berserk rage {unknown}
 o - 3 potions of lignification
 w - a potion of ambrosia {unknown}
 z - a potion of magic {unknown}
 A - 2 potions of brilliance {unknown}
 C - a potion of cancellation {unknown}
 E - a potion of might
 F - a potion of heal wounds {unknown}
 G - a potion of mutation {unknown}
Miscellaneous
 I - a phantom mirror


   Skills:
 + Level 10.5 Fighting
 + Level 5.3(10.4) Axes
 + Level 13.8(14.2) Maces & Flails
 + Level 10.3 Armour
 + Level 6.7 Dodging
 + Level 2.7 Stealth
 + Level 11.1 Shields


You had 11 spell levels left.
You didn't know any spells.
Your spell library contained the following spells:

 Spells                   Type           Power      Damage    Failure   Level
 Kiss of Death            Conj/Necr      0%         2d5       99%         1
 Sting                    Tmut/Pois      0%         1d3       99%         1
 Blink                    Tloc           0%         N/A       100%        2
 Cigotuvi's Dreadful Rot  Necr/Pois/Air  0%         N/A       100%        2
 Lesser Beckoning         Tloc           0%         N/A       100%        2
 Momentum Strike          Conj/Tloc      0%         3d8       100%        2
 Poisonous Vapours        Pois/Air       0%         N/A       100%        2
 Static Discharge         Conj/Air       0%         2-2/arc   100%        2
 Sublimation of Blood     Necr           0%         N/A       100%        2
 Wereblood                Tmut           0%         N/A       100%        2
 Confusing Touch          Hex            0%         N/A       100%        3
 Dazzling Flash           Conj/Hex       0%         N/A       100%        3
 Ignite Poison            Fire/Tmut/Pois 0%         N/A       100%        3
 Inner Flame              Hex/Fire       0%         N/A       100%        3
 Tukima's Dance           Hex            0%         N/A       100%        3
 Volatile Blastmotes      Fire/Tloc      0%         2d10      100%        3
 Airstrike                Air            0%         2d(0-16)  100%        4
 Dimensional Bullseye     Hex/Tloc       0%         N/A       100%        4
 Dispel Undead            Necr           0%         3d6       100%        4
 Flame Wave               Conj/Fire      0%         2d4       100%        4
 Iskenderun's Mystic Bla  Conj/Tloc      0%         2d3       100%        4
 Olgreb's Toxic Radiance  Pois           0%         N/A       100%        4
 Petrify                  Tmut/Erth      0%         N/A       100%        4
 Sticky Flame             Conj/Fire      0%         2d3       100%        4
 Summon Lightning Spire   Summ/Air       0%         N/A       100%        4
 Freezing Cloud           Conj/Ice/Air   0%         6-21      100%        5
 Irradiate                Conj/Tmut      0%         3d11      100%        5
 Death Channel            Necr           0%         N/A       100%        6
 Starburst                Conj/Fire      0%         6d3       100%        6
 Maxwell's Capacitive Co  Air            0%         ∞         100%        8


Dungeon Overview and Level Annotations

Branches:
Dungeon (13/15)            Temple (1/1) D:4            Lair (0/5) D:8
    Orc (0/2) D:9
 Vaults: D:13-14

Altars:
Ashenzari
Cheibriados
Dithmenos
Elyvilon
Fedhas
Gozag
Hepliaklqana
Kikubaaqudgha
Makhleb
Nemelex Xobeh
Okawaru
Qazlal
Ru
Sif Muna
Trog
Uskayaw
Vehumet
Wu Jian
Xom
Yredelemnul
Zin
The Shining One

Shops:
D:9 [

Annotations:
D:6 3 runed translucent doors, zero's ghost, novice GrBe


Innate Abilities, Weirdness & Mutations

You have a pair of horns on your head.
You reflexively headbutt those who attack you in melee.


Message History

You block the vault guard's attack.
You bludgeon the vault guard!!
You headbutt the vault guard, but do no damage.
The vault guard is severely wounded.
You block the vault guard's attack.
You barely miss the vault guard. You headbutt the vault guard!
The vault guard is almost dead.
The deep elf archer unwields a +0 dagger.
The deep elf archer wields a +0 shortbow.
The deep elf archer shoots an arrow.
The arrow hits you but does no damage. You block the vault guard's attack.
You hit the vault guard. You headbutt the vault guard.
The vault guard is almost dead.
The deep elf archer shoots an arrow.
You block the arrow.
You hit the vault guard. Your headbutt misses the vault guard.
The vault guard is almost dead.
The vault guard hits you with a +3 bardiche.
You hit the vault guard but do no damage.
You headbutt the vault guard, but do no damage.
The vault guard is almost dead.
The deep elf archer points at you and mumbles some strange words.
You feel yourself slow down.
The vault guard hits you with a +3 bardiche.
You closely miss the vault guard. You headbutt the vault guard.
The vault guard is almost dead.
The deep elf archer shoots an arrow.
The arrow barely misses you.
The vault guard hits you with a +3 bardiche.
You closely miss the vault guard. Your headbutt misses the vault guard.
The vault guard is almost dead.
The deep elf archer shoots an arrow.
The arrow hits you.
The vault guard hits you with a +3 bardiche!!
* * * LOW HITPOINT WARNING * * *
You thump the vault guard!
You kill the vault guard!
Qazlal accepts your kill.
The deep elf archer shoots an arrow.
The arrow hits you.
* * * LOW HITPOINT WARNING * * *
You feel better.
The deep elf archer shoots an arrow.
You block the arrow.
The deep elf archer shoots an arrow.
The arrow hits you!!
You die...

#.# #.# #.# #.# #.##
#.# #.<# #.# ##.# #.#
#.######.####
#...........#
#..#####.[~≈#########
###..#####.~≈@#...#..!#
#..)....?.~≈≈§)...'...#
#.#..####.~≈≈≈)...#)..#
#.#..# #.~≈≈≈#####...#
##.#..# #.~~≈≈# ...#
###.....# #..e~~# ...#
........####.....+ ...#
###..............+ ...+
##.#.#####.....+ ...#


You could see a deep elf archer (repels missiles).

Vanquished Creatures
  Fannar (D:10)
  2 vault guards (D:13)
  A catoblepas (D:13)
  3 two-headed ogres (D:9)
  A boulder beetle (D:11)
  A deep elf archer (D:13)
  2 arcanists
  2 ugly things (D:13)
  4 cyclopes
  A guardian serpent (shapeshifter) (D:13)
  2 gargoyles (D:11)
  A kobold demonologist (D:12)
  An unseen horror zombie (D:9)
  2 komodo dragons
  A troll (D:13)
  Grinder (D:3)
  A hornet (D:11)
  4 shadows
  2 wraiths
  2 wyverns (D:9)
  3 steam dragons
  5 yaks (D:10)
  2 vampire mosquitoes (D:12)
  An acid dragon (D:12)
  2 water moccasins
  8 orc warriors
  A meliai simulacrum (D:13)
  An ice beast (D:6)
  4 ogres
  5 centaurs
  A phantom (D:5)
  2 bullfrogs (D:7)
  A gnoll sergeant (D:8)
  2 scorpions
  4 wights (D:6)
  5 killer bees (D:7)
  4 howler monkeys
  6 centaur zombies (D:9)
  3 hounds
  6 orc priests
  6 iguanas
  Jessica (D:3)
  A sleepcap (D:5)
  9 orc wizards
  A killer bee zombie (D:9)
  2 howler monkey zombies (D:9)
  9 gnolls
  6 adders
  A shadow imp (D:5)
  A white imp (D:8)
  2 ufetubi (D:5)
  A worm (D:2)
  3 dart slugs
  41 orcs
  5 bats
  5 endoplasms
  2 giant cockroaches (D:3)
  5 goblins
  9 hobgoblins
  2 jackals (D:3)
  2 quokkas
  15 ball pythons
  3 frilled lizards
  7 kobolds
  6 rats
246 creatures vanquished.

Notes
Turn   | Place    | Note
-------+----------+-------------------------------------------
     0 | D:1      | Maratek the Minotaur Fighter began the quest for the Orb.
     0 | D:1      | Reached XP level 1. HP: 19/19 MP: 0/0
   195 | D:1      | Reached XP level 2. HP: 27/27 MP: 1/1
   394 | D:1      | Reached XP level 3. HP: 31/33 MP: 2/2
   407 | D:1      | You fall into a shaft and drop 1 floor!
   498 | D:2      | Found a faded altar of an unknown god.
  1676 | D:3      | Reached XP level 4. HP: 30/40 MP: 3/3
  1797 | D:3      | Noticed Jessica
  1798 | D:3      | Identified the +6 mace of Disaster {holy, Str+2 Int+3}
  1800 | D:3      | Killed Jessica
  2031 | D:3      | Reached XP level 5. HP: 46/47 MP: 4/4
  2032 | D:3      | Found a hazy altar of Hepliaklqana.
  2216 | D:3      | Noticed Grinder
  2224 | D:3      | Killed Grinder
  2225 | D:3      | Reached skill level 5 in Axes
  2225 | D:3      | Reached skill level 2 in Maces & Flails
  2225 | D:3      | Reached skill level 5 in Armour
  2225 | D:3      | Reached skill level 1 in Dodging
  2225 | D:3      | Reached XP level 6. HP: 35/53 MP: 5/5
  2333 | D:4      | Found a staircase to the Ecumenical Temple.
  2356 | Temple   | Entered the Ecumenical Temple
  2674 | D:4      | Noticed a fire elemental
  2676 | D:4      | Found a stormy altar of Qazlal.
  2679 | D:4      | Noticed a water elemental
  2679 | D:4      | Noticed an air elemental
  2687 | D:4      | Became a worshipper of Qazlal Stormbringer
  2746 | D:4      | Found a broken altar of Ashenzari.
  2774 | D:5      | Entered Level 5 of the Dungeon
  2949 | D:5      | Found a glowing golden altar of the Shining One.
  2958 | D:5      | Reached skill level 3 in Maces & Flails
  2958 | D:5      | Reached XP level 7. HP: 60/60 MP: 6/6
  3004 | D:5      | Reached skill level 5 in Fighting
  3008 | D:5      | Reached skill level 4 in Maces & Flails
  3290 | D:5      | Reached * piety under Qazlal
  3569 | D:5      | Reached skill level 5 in Maces & Flails
  3839 | D:6      | Reached skill level 5 in Shields
  3839 | D:6      | Reached XP level 8. HP: 57/68 MP: 7/7
  3900 | D:6      | Reached skill level 6 in Maces & Flails
  3900 | D:6      | Reached skill level 1 in Stealth
  4655 | D:6      | Noticed zero's ghost (novice GrBe)
  4682 | D:6      | Found a runed translucent gate.
  4682 | D:6      | Found a runed translucent gate.
  4682 | D:6      | Found a runed translucent gate.
  4755 | D:7      | Reached skill level 7 in Maces & Flails
  4767 | D:6      | HP: 3/70 [steam dragon (2)]
  5142 | D:7      | Reached XP level 9. HP: 56/75 MP: 8/8
  5271 | D:7      | Reached skill level 8 in Maces & Flails
  5636 | D:7      | Reached ** piety under Qazlal
  6024 | D:8      | Found a staircase to the Lair.
  6684 | D:8      | Reached skill level 9 in Maces & Flails
  6811 | D:8      | Identified the +0 pair of boots of Slovenliness {Fly rElec
                  | rF++ rN+ Dex-2}
  6943 | D:9      | Noticed a two-headed ogre
  6949 | D:9      | Killed a two-headed ogre
  6964 | D:9      | Noticed a cyclops
  6970 | D:9      | Killed a cyclops
  6971 | D:9      | Reached skill level 10 in Maces & Flails
  6971 | D:9      | Reached XP level 10. HP: 76/86 MP: 9/9
  7093 | D:9      | Found Liozaudgh's Antique Armour Shop.
  7104 | D:9      | Noticed a two-headed ogre
  7116 | D:9      | Killed a two-headed ogre
  7117 | D:9      | Reached skill level 5 in Dodging
  7407 | D:9      | Found an ancient bone altar of Kikubaaqudgha.
  7545 | D:9      | Found a basalt altar of Yredelemnul.
  7550 | D:9      | Reached *** piety under Qazlal
  7556 | D:9      | Reached skill level 11 in Maces & Flails
  7888 | D:9      | Noticed a two-headed ogre
  7892 | D:9      | Killed a two-headed ogre
  8158 | D:9      | Found a staircase to the Orcish Mines.
  8190 | D:10     | Entered Level 10 of the Dungeon
  8286 | D:10     | Reached skill level 12 in Maces & Flails
  8286 | D:10     | Reached XP level 11. HP: 56/95 MP: 10/10
  8432 | D:10     | Noticed Fannar
  8452 | D:10     | Killed Fannar
  8958 | D:10     | Noticed an arcanist
  8965 | D:10     | Killed an arcanist
  9077 | D:10     | Found a shadowy altar of Dithmenos.
  9437 | D:11     | Reached skill level 10 in Shields
  9689 | D:11     | Noticed a boulder beetle
  9713 | D:11     | Killed a boulder beetle
 10054 | D:12     | Reached skill level 13 in Maces & Flails
 10845 | D:13     | Noticed a vault guard
 10845 | D:13     | Noticed a deep elf archer
 10873 | D:13     | Noticed a white ugly thing
 10884 | D:13     | Killed a white ugly thing
 10885 | D:13     | Reached skill level 10 in Fighting
 11197 | D:13     | Noticed a catoblepas
 11208 | D:13     | Killed a catoblepas
 11439 | D:13     | Noticed a cyan ugly thing
 11445 | D:13     | Killed a cyan ugly thing
 11538 | D:13     | Reached XP level 12. HP: 88/106 MP: 11/11
 11746 | D:13     | Reached skill level 10 in Armour
 12030 | D:13     | Killed a vault guard
 12039 | D:13     | Noticed a vault guard
 12040 | D:13     | Noticed an ogre mage
 12062 | D:13     | Killed a vault guard
 12063 | D:13     | Shot with an arrow by a deep elf archer

Illustrated notes

Levels and vault maps discovered:
D:1:      erik_arrival_cave_to_civilisation [erik_arrival_cave_to_hall],
          layout_basic, minmay_box_of_dots
D:2:      layout_basic, nicolae_ecumenical_snake_handling,
          minmay_misc_feat_encased, hangedman_decor_push,
          corexii_leaking_fountain, roderic_cross_of_infinity
D:3:      layout_basic, marbit_many_paths, uniq_natasha, uniq_jessica,
          uniq_grinder
D:4:      layout_basic, nicolae_qazlal_style_of_elements, lemuel_crystal_altar,
          minmay_temple_entry_wispy
D:5:      layout_rooms, amcnicky_altar_gilded, serial_corexii_hall,
          chequers_hall_statues_wall_a, chequers_hall_statues_y,
          corexii_hall_statues_x
D:6:      layout_loops_ring, gammafunk_ghost_icy
D:7:      layout_cave_pools, enter_bailey_4, corexii_hall_statues_x
D:8:      layout_basic, dpeg_oklobed_lair, dk_noncrumbling_3
D:9:      layout_gridville, kiku_gazebo_pond_becter,
          nicolae_yredelemnul_corpse_copse, david_orc_4, serial_shops,
          nicolae_shop_tiny_waterfront
D:10:     layout_irregular_city, kennysheep_little_box, uniq_fannar
D:11:     layout_long_grid
D:12:     layout_irregular_city, hangedman_decor_lopped
D:13:     layout_loops_ring, grunt_vaults_entry_fortified
Temple:   nicolae_temple_no_exploring_needed

Skill      XL: |  1  2  3  4  5  6  7  8  9 10 11 12 |
---------------+-------------------------------------+-----
Armour         | 4 5 6 7 8 9 10 | 10.3
Axes           | 3 4 5 |  5.3
Shields        | 4 5 6 7 9 10 11 | 11.1
Fighting       | 4 5 6 7 8 10 | 10.5
Maces & Flails | 2 3 5 7 10 12 13 | 13.8
Dodging        | 1 2 4 6 |  6.7
Stealth        | 1 2 |  2.7

Action                     |  1- 3 |  4- 6 |  7- 9 | 10-12 || total
---------------------------+-------+-------+-------+-------++-------
  Melee: War axe           |    97 |     8 |       |       ||   105
         Headbutt          |    11 |     9 |    39 |    81 ||   140
         Mace              |       |    53 |   224 |   308 ||   585
    Use: Scroll            |     4 |     3 |     9 |     6 ||    22
         Potion            |       |       |       |     4 ||     4
 Armour: Scale mail        |    55 |    43 |    82 |       ||   180
         Steam dragon scal |       |       |   104 |    45 ||   149
         Plate armour      |       |       |       |   124 ||   124
  Dodge: Dodged            |    57 |    31 |   140 |    61 ||   289
  Block: Buckler           |    17 |     5 |       |       ||    22
         Kite shield       |       |    17 |   154 |   182 ||   353

Table legend: (Time is in decaauts)
 A = Elapsed time spent in this place.
 B = Non-inter-level travel time spent in this place.
 C = Inter-level travel time spent in this place.
 D = Time resting spent in this place.
 E = Time spent auto-exploring this place.
 F = Levels seen in this place.
 G = Mean time per level.
                   A        B        C        D        E       F      G
               +--------+--------+--------+--------+--------+-----+--------+
         Total |  12128 |  11734 |    394 |   2212 |   7880 |  14 |  866.3 |
       Dungeon |  12106 |  11733 |    373 |   2212 |   7880 |  13 |  931.2 |
        Temple |     22 |      1 |     21 |      0 |      0 |   1 |   22.0 |
               +--------+--------+--------+--------+--------+-----+--------+

Top non-repeatable levels by time:
     D:6: 1279 daAuts
    D:13: 1249 daAuts
     D:9: 1246 daAuts
     D:5: 1062 daAuts
     D:8: 974 daAuts
    D:10: 946 daAuts
    D:12: 915 daAuts
     D:2: 885 daAuts
     D:7: 869 daAuts
     D:1: 809 daAuts
    D:11: 763 daAuts
     D:3: 611 daAuts
     D:4: 493 daAuts
  Temple: 22 daAuts
